 Dungeon Crawl Stone Soup version 0.27-a0-906-g0a00ce863d (webtiles) character file.

Game seed: 4041578782438878328

8 Alarkh the Insei (level 2, 18/22 HPs)
             Began as a Demonspawn Gladiator on Apr 6, 2021.
             Got out of the dungeon alive.
             The game lasted 00:00:09 (251 turns).

Alarkh the Insei (Demonspawn Gladiator)              Turns: 251, Time: 00:00:10

Health: 18/22      AC:  4    Str: 14    XL:     2   Next: 0%
Magic:  2/2        EV: 12    Int:  9    God:
Gold:   0          SH:  0    Dex: 14    Spells: 1/1 levels left

rFire    . . .     SeeInvis .     - Unarmed
rCold    . . .     Faith    .   (no shield)
rNeg     . . .     Spirit   .   a - +0 leather armour
rPois    .         Reflect  .   b - +0 helmet
rElec    .         Harm     .   (no cloak)
rCorr    .         Rampage  .   (no gloves)
Will     .....                  (no boots)
Stlth    +.........             (no amulet)
HPRegen  0.07/turn              (no ring)
MPRegen  0.08/turn              (no ring)

@: no status effects
A: foul stench 1
a: no special abilities


You escaped.
You visited 1 branch of the dungeon, and saw 1 of its levels.

Inventory:

Missiles
 c - 3 throwing nets (quivered)
Armour
 a - a +0 leather armour (worn)
 b - a +0 helmet (worn)


   Skills:
 + Level 2.2 Fighting
 - Level 1.7 Throwing
 - Level 2.6 Dodging
 * Level 3.0 Unarmed Combat


You had one spell level left.
You didn't know any spells.
Your spell library was empty.

Dungeon Overview and Level Annotations

Branches:
Dungeon (1/15)

Altars:


Innate Abilities, Weirdness & Mutations

You may rarely emit foul miasma when damaged in melee.


Message History

The slug dart hits you.
You hit the frilled lizard.
You kill the frilled lizard!
You hit the dart slug.
The dart slug is moderately wounded.
The dart slug closely misses you.
You hit the dart slug.
The dart slug is severely wounded.
The dart slug barely misses you.
You hit the dart slug but do no damage.
The dart slug is severely wounded.
You hit the dart slug.
You kill the dart slug!
No target in view!
No target in view!
Found a mace.
Found a scale mail.
A quokka and a goblin come into view.
There are monsters nearby!
The goblin shouts!
You closely miss the goblin. The goblin hits you but does no damage.
You barely miss the goblin. The goblin barely misses you.
You barely miss the goblin. The goblin closely misses you.
You hit the goblin.
You kill the goblin!
The quokka twitches its whiskers.
Your Unarmed Combat skill increases to level 3!
You hit the quokka but do no damage. The quokka bites you.
The quokka barely misses you.
You closely miss the quokka. The quokka misses you.
You hit the quokka but do no damage. The quokka bites you.
You hit the quokka.
You kill the quokka!
You have reached level 2!
Your demonic ancestry asserts itself...
You begin to emit a foul stench of rot and decay.
There is an open door here.
There is a staircase leading out of the dungeon here.
Are you sure you want to leave the Dungeon?
This will make you lose the game!
You have escaped!

######### #.......###
###
+.>.>.>.+.######.##
#.......#.........#
#.#
#########.######.##
#.##... #.......#.#
#.# #.......#
+...@...'.######.####
#.......#
#.......####.........
#.##..#.###########
#.###.###. #.# ....)#
# #.###. #.# #.#..#
#. ..#.###.....
###.###....###...
......†)....
.................
...)........
#######..........
...####.....
###..#####. .. ##.#..


There were no monsters in sight!

Vanquished Creatures
  A dart slug (D:1)
  A goblin (D:1)
  A kobold (D:1)
  A quokka (D:1)
  2 frilled lizards (D:1)
6 creatures vanquished.

Notes
Turn   | Place    | Note
-------+----------+-------------------------------------------
     0 | D:1      | Alarkh the Demonspawn Gladiator began the quest for the
                  | Orb.
     0 | D:1      | Reached XP level 1. HP: 16/16 MP: 1/1
   177 | D:1      | Reached skill level 3 in Unarmed Combat
   181 | D:1      | Gained mutation: You may rarely emit foul miasma when
                  | damaged in melee. [demonic ancestry]
   181 | D:1      | Reached XP level 2. HP: 13/22 MP: 2/2
   251 | D:$      | Got out of the dungeon alive.

Illustrated notes

Levels and vault maps discovered:
D:1:      minmay_arrival_up_and_down, layout_loops_corners

Skill      XL: |  1 |
---------------+----+-----
Unarmed Combat | 3 |  3.0
Fighting       | |  2.2
Throwing       | |  1.7
Dodging        | |  2.6

Action                   || total
-------------------------++-------
Melee: Unarmed           ||    19
Armor: Leather armour    ||     3
Dodge: Dodged            ||    11

Table legend: (Time is in decaauts)
 A = Elapsed time spent in this place.
 B = Non-inter-level travel time spent in this place.
 C = Inter-level travel time spent in this place.
 D = Time resting spent in this place.
 E = Time spent auto-exploring this place.
 F = Levels seen in this place.
 G = Mean time per level.
                   A        B        C        D        E       F      G
               +--------+--------+--------+--------+--------+-----+--------+
         Total |    249 |    180 |     69 |      0 |    146 |   1 |  249.0 |
       Dungeon |    249 |    180 |     69 |      0 |    146 |   1 |  249.0 |
               +--------+--------+--------+--------+--------+-----+--------+

Top non-repeatable levels by time:
     D:1: 249 daAuts
